 Dungeon Crawl Stone Soup version 0.18.1-50-g88ac8fd (webtiles) character file.

569 Nordron the Skirmisher (level 7, -5/56 HPs)
             Began as a Formicid Fighter on Sept 28, 2016.
             Slain by an orc warrior
             ... wielding a +0 scimitar
              (21 damage)
             ... on level 6 of the Dungeon.
             The game lasted 00:15:38 (4071 turns).

Nordron the Skirmisher (Formicid Fighter)           Turns: 4071, Time: 00:15:38

Health: -5/56      AC:  6    Str: 21    XL:     7   Next: 60%
Magic:  11/11      EV: 10    Int:  7    God:
Gold:   161        SH: 10    Dex: 12    Spells: 0 memorised, 11 levels left

rFire  . . .     SeeInvis +     y - +1 hand axe (elec)
rCold  . . .     Gourm    .     e - +0 ring mail
rNeg   . . .     Faith    .     c - +0 shield
rPois  .         Spirit   .     (helmet unavailable)
rElec  .         Dismiss  .     (no cloak)
rCorr  .         Reflect  .     (no gloves)
SustAt .         Harm     .     (no boots)
MR     .....                    (no amulet)
Stlth  +.........               (no ring)
                                (no ring)

@: not resistant to hostile enchantments, very unstealthy
A: permanent stasis, dig shafts and tunnels, four strong arms, antennae 3
a: Dig, Shaft Self


You were on level 6 of the Dungeon.
You were very hungry.

You visited 1 branch of the dungeon, and saw 6 of its levels.

You collected 161 gold pieces.

Inventory:

Hand Weapons
 a - a +0 flail
 y - a +1 hand axe of electrocution (weapon)
Armour
 b - a +0 scale mail
 c - a +0 shield (worn)
 e - a +0 ring mail (worn)
Jewellery
 t - an uncursed ring of ice
Wands
 n - a wand of iceblast (6/15)
Scrolls
 i - 6 scrolls of remove curse
 m - 3 scrolls of identify {unknown}
 o - 3 scrolls of teleportation {unknown}
 r - a scroll of magic mapping {unknown}
 v - a scroll of noise {unknown}
Potions
 d - 2 potions of might
 h - 2 potions of curing {unknown}
 k - a potion of mutation {unknown}
 l - a potion of degeneration {unknown}
 p - 3 potions of lignification {unknown}
 s - 2 potions of heal wounds {unknown}
 u - a potion of flight {unknown}
 w - a potion of haste {unknown}
 x - a potion of agility {unknown}
Comestibles
 f - 3 bread rations
 j - 2 meat rations
 q - a beef jerky
 z - a slice of pizza


   Skills:
 * Level 5.4 Fighting
 - Level 2.4 Maces & Flails
 + Level 4.6 Armour
 + Level 2.5 Dodging
 + Level 5.1 Shields
 + Level 2.7 Spellcasting
 + Level 1.4 Evocations


You had 11 spell levels left.
You didn't know any spells.

Dungeon Overview and Level Annotations

Branches:
Dungeon (5/15)
 Temple: D:4-7

Altars:
Elyvilon
Pakellas
Zin

Shops:
D:3 *

Annotations:
D:5 Prince Ribbit


Innate Abilities, Weirdness & Mutations

You are under a permanent stasis effect.
You can dig through walls and to a lower floor.
Your four strong arms can wield two-handed weapons with a shield.
You have a pair of large antennae on your head (SInv).


Message History

You hit the hound.
The hound is heavily wounded.
The hound bites you but does no damage. x2
You hit the hound but do no damage.
There is a sudden explosion of sparks!
You kill the hound!
An orc warrior comes into view. It is wielding a scimitar.
The orc warrior shouts!
You closely miss the orc warrior.
The orc warrior hits you with a scimitar!
You hit the orc warrior.
The orc warrior is lightly wounded.
The orc warrior hits you with a scimitar!!
You hear a shout!
You hit the orc warrior but do no damage.
The orc warrior is lightly wounded.
The orc warrior hits you with a scimitar!
* * * LOW HITPOINT WARNING * * *
An orc wizard comes into view. It is wielding a dagger of freezing.
The orc warrior hits you with a scimitar!!
You die...

?.. ... ...
#.##..?.....
#.##...{....
#.##....{...
#.##........
#@##........
#o##........
#o##.{......
#.##.{......
#.(.........
####........
####.##.. .#
# #


You could see an orc warrior and an orc wizard.

Vanquished Creatures
  Grinder (D:5)
  A scorpion (D:4)
  2 orc wizards (D:3)
  2 orc priests (D:4)
  A hound (D:6)
  A giant frog skeleton (D:5)
  6 adders
  2 worms (D:2)
  4 dart slugs
  2 giant geckos
  5 orcs
  A ball python (D:1)
  6 giant cockroaches
  7 goblins
  6 hobgoblins
  13 jackals
  4 kobolds
  A quokka (D:2)
  5 bats
  A giant newt (D:3)
  11 rats
82 creatures vanquished.

Vanquished Creatures (others)
  An orc (D:3)
1 creature vanquished.

Grand Total: 83 creatures vanquished

Notes
Turn   | Place    | Note
--------------------------------------------------------------
     0 | D:1      | Nordron the Formicid Fighter began the quest for the Orb.
     0 | D:1      | Reached XP level 1. HP: 18/18 MP: 1/1
    91 | D:1      | Reached XP level 2. HP: 24/24 MP: 2/2
   169 | D:1      | Reached skill level 1 in Spellcasting
   193 | D:1      | Reached XP level 3. HP: 21/29 MP: 4/4
   759 | D:2      | Reached skill level 1 in Dodging
   759 | D:2      | Reached XP level 4. HP: 20/37 MP: 5/5
  1128 | D:2      | Found an oddly glowing altar of Pakellas.
  1505 | D:3      | Reached XP level 5. HP: 32/42 MP: 6/6
  2113 | D:3      | Found Zin's Purification Station.
  2116 | D:3      | Found a glowing silver altar of Zin.
  2217 | D:3      | Found a white marble altar of Elyvilon.
  2387 | D:3      | Reached XP level 6. HP: 47/49 MP: 9/9
  3555 | D:5      | Entered Level 5 of the Dungeon
  3561 | D:5      | Noticed Grinder
  3726 | D:5      | Killed Grinder
  3726 | D:5      | Reached skill level 5 in Fighting
  3726 | D:5      | Reached skill level 5 in Shields
  3726 | D:5      | Reached skill level 1 in Evocations
  3726 | D:5      | Reached XP level 7. HP: 46/56 MP: 10/10
  3771 | D:5      | Noticed Prince Ribbit
  3776 | D:5      | You fall through a shaft!
  4071 | D:6      | Slain by an orc warrior

Skill      XL: |  1  2  3  4  5  6 |
---------------+-------------------+-----
Spellcasting   | 1 2 |  2.7
Shields        | 4 5 |  5.1
Dodging        | 1 2 |  2.5
Fighting       | 4 5 |  5.4
Armour         | 4 |  4.6
Evocations     | 1 |  1.4
Maces & Flails | |  2.4

Action                   |  1- 3 |  4- 6 |  7- 9 || total
-------------------------+-------+-------+-------++-------
Melee: Flail             |   125 |   187 |       ||   312
       Hand axe          |       |    11 |    17 ||    28
 Abil: Shaft Self        |       |       |     1 ||     1
  Use: Scroll            |       |     1 |       ||     1
  Eat: Chunk             |       |     8 |       ||     8
       Fruit             |       |       |     2 ||     2
Armor: Ring mail         |    34 |    47 |     6 ||    87
Dodge: Dodged            |    42 |    76 |     8 ||   126
Block: Shield            |    65 |   100 |     8 ||   173
